 Dungeon Crawl Stone Soup version 0.22-b1-59-g0aedee7 (webtiles) character file.

214 Quiddity the Chiller (level 5, 0/35 HPs)
             Began as a Merfolk Ice Elementalist on Aug 9, 2018.
             Slain by a bullfrog skeleton (3 damage)
             ... on level 4 of the Dungeon.
             The game lasted 00:10:07 (3972 turns).

Quiddity the Chiller (Merfolk Ice Elementalist)     Turns: 3972, Time: 00:10:08

Health: 0/35       AC:  3    Str:  9    XL:     5   Next: 91%
Magic:  9/9        EV: 13    Int: 15    God:
Gold:   169        SH:  0    Dex: 14    Spells: 3/9 levels left

rFire    . . .     SeeInvis .   b - +0 dagger (flame)
rCold    . . .     Gourm    .   (no shield)
rNeg     . . .     Faith    .   a - +0 robe
rPois    .         Spirit   .   s - +0 helmet
rElec    .         Reflect  .   (no cloak)
rCorr    .         Harm     .   (no gloves)
MR       .....                  (no boots)
Stlth    ++........             (no amulet)
HPRegen  0.11/turn              (no ring)
MPRegen  0.11/turn              (no ring)

@: no status effects
A: change form in water, swift swim, stealthy swim
a: no special abilities


You were on level 4 of the Dungeon.
You were very hungry.

You visited 1 branch of the dungeon, and saw 4 of its levels.

You collected 169 gold pieces.

Inventory:

Hand Weapons
 b - a +0 dagger of flaming (weapon)
 c - a +0 dagger of venom
 e - a +0 hand axe
 t - a +0 spear
Armour
 a - a +0 robe (worn)
 s - a +0 helmet (worn)
Jewellery
 o - an uncursed ring of flight {unknown}
Scrolls
 d - 2 scrolls of identify {unknown}
 f - 5 scrolls of teleportation {unknown}
 h - a scroll of magic mapping {unknown}
 q - a scroll of amnesia {unknown}
Potions
 g - a potion of ambrosia {unknown}
 j - a potion of invisibility {unknown}
 k - a potion of magic {unknown}
 l - a potion of might {unknown}
 m - a potion of heal wounds {unknown}
 n - a potion of curing {unknown}
 p - a potion of mutation {unknown}
 r - a potion of cancellation {unknown}
Comestibles
 i - 4 rations


   Skills:
 - Level 2.6 Dodging
 - Level 2.1 Stealth
 + Level 2.9 Spellcasting
 * Level 2.5 Conjurations
 * Level 1.6 Charms
 * Level 5.0 Ice Magic


You had 3 spell levels left.
You knew the following spells:

 Your Spells              Type           Power        Failure   Level  Hunger
a - Freeze                Ice            ###.         2%          1    #......
b - Throw Frost           Conj/Ice       ##....       6%          2    ##.....
c - Ozocubu's Armour      Chrm/Ice       ##......     16%         3    ###....

Your spell library contained the following spells:

 Spells                   Type           Power        Failure   Level  Hunger
 Summon Ice Beast         Ice/Summ       #.......     56%         4    #####..
 Throw Icicle             Conj/Ice       ##......     38%         4    #####..


Dungeon Overview and Level Annotations

Branches:
Dungeon (4/15)             Temple (0/1) D:4

Altars:
Dithmenos

Annotations:
D:3 3 runed doors, Doobh's ghost, amateur KoAs; FallenXxXSky's ghost, amateur CeHu; Kokal22's ghost, amateur MiBe; Vultresant's ghost, amateur MiFi; jiveturtle's ghost, weakling VSFi


Message History

The bullfrog skeleton hits you.
You barely miss the bullfrog skeleton.
The bullfrog skeleton is severely damaged.
The bullfrog skeleton hits you. x2
* * * LOW HITPOINT WARNING * * *
You hit the bullfrog skeleton but do no damage.
The bullfrog skeleton is severely damaged.
The bullfrog skeleton hits you.
* * * LOW HITPOINT WARNING * * *
You hit the bullfrog skeleton but do no damage.
The bullfrog skeleton is severely damaged.
The bullfrog skeleton closely misses you.
The bullfrog skeleton closely misses you.
The bullfrog skeleton misses you. The bullfrog skeleton misses you.
The bullfrog skeleton closely misses you.
The bullfrog skeleton misses you.
There is a stone staircase leading up here.
The bullfrog skeleton hits you.
You die...

....##'#...#..........#
⌠.⌠.##.#.#.#####'######
.>..'..#.#.##....#
⌠.⌠.#..#.# ##....#
....##.#.# +....# #+##
#.#.# #...## #.#.#
#...##+###
#.#.####........#
#.........Z@....#
###.#######.....# #.#
#.>...# #.# #.....# #.#
###'######### #.#
#.........# #.#
#########.# ... #.#
..#.# .... #.# #.#.#


You could see a bullfrog skeleton.

Vanquished Creatures
  Jessica (D:2)
  An iguana (D:4)
  Terence (D:2)
  A worker ant (D:4)
  A hound skeleton (D:4)
  A howler monkey skeleton (D:4)
  2 adders (D:3)
  3 worms
  A dart slug (D:1)
  5 leopard geckos
  3 orcs
  8 bats
  3 giant cockroaches
  6 hobgoblins
  7 kobolds
  5 frilled lizards
  5 goblins
  5 rats
59 creatures vanquished.

Notes
Turn   | Place    | Note
-------+----------+-------------------------------------------
     0 | D:1      | Quiddity the Merfolk Ice Elementalist began the quest for the Orb.
     0 | D:1      | Reached XP level 1. HP: 13/13 MP: 3/3
     3 | D:1      | Noticed an electric eel
     3 | D:1      | Noticed an electric eel
   224 | D:1      | Reached XP level 2. HP: 19/19 MP: 3/5
   229 | D:1      | Learned a level 2 spell: Throw Frost
   650 | D:1      | Reached skill level 1 in Conjurations
  1186 | D:1      | Upgraded the game from 0.22-b1-26-g9dbaab1 to 0.22-b1-59-g0aedee7
  1246 | D:2      | Noticed Jessica
  1274 | D:1      | Reached skill level 4 in Ice Magic
  1274 | D:1      | Reached XP level 3. HP: 23/24 MP: 0/6
  1658 | D:2      | Killed Jessica
  1658 | D:2      | Reached XP level 4. HP: 30/30 MP: 2/7
  1816 | D:2      | Noticed Terence
  1852 | D:2      | Killed Terence
  1895 | D:2      | Learned a level 3 spell: Ozocubu's Armour
  2005 | D:2      | Found a shadowy altar of Dithmenos.
  2662 | D:3      | Found a runed gate.
  2662 | D:3      | Found a runed gate.
  2662 | D:3      | Found a runed gate.
  2667 | D:3      | Noticed Kokal22's ghost (amateur MiBe)
  2667 | D:3      | Noticed jiveturtle's ghost (weakling VSFi)
  2668 | D:3      | Noticed FallenXxXSky's ghost (amateur CeHu)
  2668 | D:3      | Noticed Vultresant's ghost (amateur MiFi)
  2669 | D:3      | Noticed Doobh's ghost (amateur KoAs)
  2813 | D:3      | Reached XP level 5. HP: 35/35 MP: 7/9
  3660 | D:4      | Reached skill level 1 in Charms
  3866 | D:4      | Reached skill level 5 in Ice Magic
  3942 | D:4      | Found a staircase to the Ecumenical Temple.
  3955 | D:4      | HP: 1/35 [bullfrog skeleton (6)]
  3972 | D:4      | Slain by a bullfrog skeleton

Skill      XL: |  1  2  3  4  5 |
---------------+----------------+-----
Conjurations   | 1 2 |  2.5
Ice Magic      | 4 5 |  5.0
Charms         | 1 |  1.6
Dodging        | |  2.6
Stealth        | |  2.1
Spellcasting   | |  2.9

Action                   |  1- 3 |  4- 6 || total
-------------------------+-------+-------++-------
Melee: Dagger            |     4 |    55 ||    59
 Cast: Freeze            |    42 |    54 ||    96
       Ozocubu's Armour  |       |     2 ||     2
 Stab: Sleeping          |     3 |     4 ||     7
  Eat: Ration            |     1 |       ||     1
       Chunk             |       |     6 ||     6
Armor: Robe              |    11 |    14 ||    25
       Skin              |     4 |     1 ||     5
Dodge: Dodged            |    35 |    62 ||    97
